 Dungeon Crawl Stone Soup version 0.22-a0-580-gd5db89c (webtiles) character file.

3 iamserjio the Sneak (level 1, 0/11 HPs)
             Began as an Octopode Wanderer on July 3, 2018.
             Slain by a jackal (2 damage)
             ... on level 1 of the Dungeon.
             The game lasted 00:00:35 (63 turns).

iamserjio the Sneak (Octopode Wanderer)               Turns: 63, Time: 00:00:35

Health: 0/11       AC:  1    Str: 14    XL:     1   Next: 50%
Magic:  5/5        EV: 12    Int: 13    God:
Gold:   10         SH:  0    Dex:  9    Spells: 8/8 levels left

rFire    . . .     SeeInvis .   d - +0 club
rCold    . . .     Gourm    .   (no shield)
rNeg     . . .     Faith    .   (helmet restricted)
rPois    .         Spirit   .   (no amulet)
rElec    .         Reflect  .   (no ring)
rCorr    .         Harm     .   (no ring)
MR       .....                  (no ring)
Stlth    +++.......             (no ring)
HPRegen  0.03/turn              (no ring)
MPRegen  0.09/turn              (no ring)
                                (no ring)
                                (no ring)

@: no status effects
A: almost no armour, stealthy swim, amphibious, 8 rings, constrict 8, camouflage
1, gelatinous body 1
a: no special abilities


You were on level 1 of the Dungeon.
You were not hungry.

You visited 1 branch of the dungeon, and saw 1 of its levels.

You collected 10 gold pieces.

Inventory:

Hand Weapons
 d - a +0 club (weapon)
 e - a +0 dagger
Jewellery
 g - a cursed ring of loudness {unknown}
Scrolls
 a - a scroll of enchant weapon {unknown}
 c - a scroll of teleportation
Potions
 b - a potion of lignification
Comestibles
 f - a ration


   Skills:
 + Level 0.2 Fighting
   Level 1.0 Staves
 - Level 1.0 Throwing
 * Level 0.5 Dodging
 + Level 4.1 Stealth
 - Level 4.0 Spellcasting
   Level 1.0 Hexes


You had 8 spell levels left.
You didn't know any spells.
Your spell library contained the following spells:

 Spells                   Type           Power        Failure   Level  Hunger
 Confuse                  Hex            #.......     38%         3    ###....
 Tukima's Dance           Hex            #.......     38%         3    ###....
 Ensorcelled Hibernation  Hex/Ice        #.....       26%         2    ##.....
 Corona                   Hex            #......      14%         1    None
 Dazzling Spray           Conj/Hex       #.....       45%         3    ###....


Dungeon Overview and Level Annotations

Branches:
Dungeon (1/15)

Altars:


Innate Abilities, Weirdness & Mutations

You cannot wear most types of armour.
You are very stealthy in the water. (Stealth+)
You are amphibious.
You can wear up to eight rings at the same time.
You can use your tentacles to constrict eight enemies at once.
Your skin changes colour to match your surroundings (Stealth+).
Your rubbery body absorbs attacks. (AC +1, EV +1)


Message History

The jackal barely misses you.
You closely miss the jackal.
The jackal barks!
Your grab misses the jackal.
The jackal is heavily wounded.
The jackal bites you. x3
You are too injured to fight recklessly!
You are too injured to fight recklessly!
You are too injured to fight recklessly!
You are too injured to fight recklessly!
You hit the jackal.
You kill the jackal!
The jackal closely misses you. The jackal bites you.
You hit the jackal but do no damage. Your grab misses the jackal.
The jackal bites you. The jackal closely misses you.
A rat comes into view.
The jackal bites you.
* * * LOW HITPOINT WARNING * * *
The jackal bites you.
You die...

#...#......)
###..r#...... #####
#..............
.....##.............
......#............
#.....#...........###
##....#.....##..hh..#
.##...#.....# #h...#
..##..#.....####@...#
...##.#.......##....#
............#.##....#
##########..........#
# .............## #
..........(...# #
...............# #
...............# ..
...............#


You could see 3 jackals and a rat.

Vanquished Creatures
  A giant cockroach (D:1)
  A jackal (D:1)
  A bat (D:1)
3 creatures vanquished.

Notes
Turn   | Place    | Note
-------+----------+-------------------------------------------
     0 | D:1      | iamserjio the Octopode Wanderer began the quest for the Orb.
     0 | D:1      | iamserjio set off with: a potion of lignification, a scroll of teleportation, a +0 club, a +0 dagger, a ration
     0 | D:1      | Reached XP level 1. HP: 11/11 MP: 5/5
    63 | D:1      | Slain by a jackal

Vault maps used:
D:1:      giann_horns, corexii_item_surrounded_by_moat

Action                   || total
-------------------------++-------
Melee: Club              ||     8
       Constrict         ||     1
Dodge: Dodged            ||     9

Table legend:
 A = Spawn XP
 B = Non-spawn XP
 C = Spawn XP percentage of total XP
 D = Spawn monster count
 E = Non-spawn monster count
 F = Spawn count percentage of total count
 G = Total turns spent on level
                    A         B        C        D         E        F      G
               +---------+---------+-------+---------+---------+-------+---------
         Total |       0 |       5 |   0.0 |       0 |       3 |   0.0 |    63
               +---------+---------+-------+---------+---------+-------+---------
           D:1 |       0 |       5 |   0.0 |       0 |       3 |   0.0 |    63
               +---------+---------+-------+---------+---------+-------+---------
